[ AOE2 MATCH · #472661792 ]
UnrankedFranks vs Armenians
[ REPLAY ANALYSIS · EXTRACTED FROM THE RECORDED GAME ]
Feudal
9:45
Castle
19:37
Imperial
—
| APM avg | 56.3 |
| APM peak | 89 |
| eAPM avg | 23.8 |
| Villagers / military | 91 / 61 |
Focus
⚔️ 17.4% · 🌾 82.6%
Knight ×51 · Scout Cavalry ×8 · Monk ×2
Feudal
10:14
Castle
24:07
Imperial
—
| APM avg | 57.2 |
| APM peak | 107 |
| eAPM avg | 28.0 |
| Villagers / military | 94 / 49 |
Focus
⚔️ 11.9% · 🌾 88.1%
Skirmisher ×17 · Archer ×13 · Spearman ×7 · Militia ×4 · Monk ×2 · Knight ×2
Feudal
12:21
Castle
21:53
Imperial
—
| APM avg | 30.5 |
| APM peak | 58 |
| eAPM avg | 15.8 |
| Villagers / military | 85 / 66 |
Focus
⚔️ 24.3% · 🌾 75.7%
Archer ×38 · Skirmisher ×27 · Monk ×1
Feudal
—
Castle
—
Imperial
—
| APM avg | 20.2 |
| APM peak | 38 |
| eAPM avg | 11.9 |
| Villagers / military | 44 / 36 |
Focus
⚔️ 25.8% · 🌾 74.2%
Spearman ×31 · Militia ×4 · Scout Cavalry ×1
Match map
Initial resources + every placement click. Lines = walls · curves = elevation contours. ◆ gold · ⬟ stone · ● berries · ✦ relic · ◌ wall gap
Your base· Open — unwalled flank
Andres21's base· Open — unwalled flank
DERSU UZALA's base· Open — unwalled flank
PinBuckle914816's base· Open — unwalled flank
Smoothed initial terrain · ◌ = detected wall gap · hover for details
Inputs per minute
— kyuzo - - Andres21
Build order — kyuzo
First 150 of 264 actions detected
| 0:01 | Create | Villager (Male) |
| 0:01 | Create | Villager (Male) |
| 0:02 | Build | House |
| 0:03 | Build | House |
| 0:06 | Create | Villager (Male) |
| 0:06 | Create | Villager (Male) |
| 1:35 | Create | Villager (Male) |
| 2:03 | Build | Lumber Camp |
| 2:04 | Create | Villager (Male) |
| 2:08 | Create | Villager (Male) |
| 2:51 | Create | Villager (Male) |
| 3:06 | Create | Villager (Male) |
| 3:33 | Build | House |
| 3:40 | Create | Villager (Male) |
| 4:00 | Create | Villager (Male) |
| 4:09 | Build | Mill |
| 4:40 | Create | Villager (Male) |
| 4:40 | Create | Villager (Male) |
| 4:41 | Create | Villager (Male) |
| 4:59 | Create | Villager (Male) |
| 5:46 | Build | House |
| 5:55 | Create | Villager (Male) |
| 6:03 | Create | Villager (Male) |
| 6:32 | Create | Villager (Male) |
| 7:09 | Research | Loom |
| 7:29 | Research | Feudal Age |
| 8:09 | Build | Lumber Camp |
| 8:21 | Build | Barracks |
| 8:26 | Build | Palisade Wall |
| 8:37 | Create | Villager (Male) |
| 9:23 | Build | House |
| 9:45 | Age | Feudal Age |
| 9:51 | Build | Stable |
| 9:53 | Create | Villager (Male) |
| 9:59 | Build | Farm |
| 10:15 | Create | Villager (Male) |
| 10:19 | Build | Farm |
| 10:35 | Create | Scout Cavalry |
| 10:35 | Create | Scout Cavalry |
| 10:42 | Build | Farm |
| 10:43 | Build | Farm |
| 10:53 | Create | Villager (Male) |
| 10:59 | Build | House |
| 11:05 | Build | Farm |
| 11:28 | Create | Scout Cavalry |
| 11:37 | Build | Farm |
| 11:39 | Build | Farm |
| 11:41 | Build | Farm |
| 11:52 | Create | Scout Cavalry |
| 12:13 | Create | Scout Cavalry |
| 12:16 | Build | Farm |
| 12:17 | Build | Farm |
| 12:19 | Create | Villager (Male) |
| 12:56 | Build | Mining Camp |
| 12:57 | Create | Villager (Male) |
| 12:58 | Create | Villager (Male) |
| 13:02 | Build | Farm |
| 13:04 | Create | Villager (Male) |
| 13:28 | Create | Villager (Male) |
| 13:59 | Create | Villager (Male) |
| 14:14 | Build | Farm |
| 14:15 | Build | Farm |
| 14:32 | Build | House |
| 14:38 | Create | Villager (Male) |
| 14:43 | Create | Scout Cavalry |
| 15:03 | Build | Farm |
| 15:07 | Build | Farm |
| 15:29 | Create | Villager (Male) |
| 15:29 | Create | Villager (Male) |
| 15:38 | Build | Blacksmith |
| 15:41 | Build | Palisade Wall |
| 15:51 | Build | Farm |
| 15:53 | Build | Farm |
| 16:32 | Create | Villager (Male) |
| 16:40 | Build | House |
| 16:53 | Research | Castle Age |
| 17:04 | Build | Stable |
| 17:12 | Create | Villager (Male) |
| 17:24 | Build | Farm |
| 17:30 | Research | Double-Bit Axe |
| 17:30 | Research | Double-Bit Axe |
| 18:08 | Research | Scale Barding Armor |
| 18:09 | Research | Forging |
| 18:09 | Research | Forging |
| 18:46 | Build | House |
| 18:47 | Build | House |
| 18:52 | Build | Palisade Wall |
| 19:33 | Build | House |
| 19:37 | Age | Castle Age |
| 19:40 | Create | Knight |
| 19:42 | Research | Husbandry |
| 19:43 | Research | Chain Barding Armor |
| 19:46 | Create | Villager (Male) |
| 20:01 | Build | Town Center |
| 20:13 | Create | Knight |
| 20:13 | Create | Knight |
| 20:19 | Create | Villager (Male) |
| 20:19 | Create | Villager (Male) |
| 20:29 | Create | Knight |
| 21:14 | Create | Villager (Male) |
| 21:14 | Create | Villager (Male) |
| 21:18 | Research | Iron Casting |
| 21:41 | Create | Knight |
| 21:52 | Create | Villager (Male) |
| 22:05 | Create | Knight |
| 22:05 | Create | Knight |
| 22:38 | Create | Knight |
| 22:38 | Create | Knight |
| 22:40 | Create | Villager (Male) |
| 22:41 | Create | Villager (Male) |
| 22:41 | Create | Villager (Male) |
| 22:41 | Create | Villager (Male) |
| 22:44 | Build | Farm |
| 22:45 | Build | Farm |
| 22:47 | Build | Farm |
| 22:48 | Build | Farm |
| 22:51 | Build | Farm |
| 22:53 | Create | Villager (Male) |
| 22:53 | Create | Villager (Male) |
| 23:00 | Create | Knight |
| 23:32 | Create | Villager (Male) |
| 23:35 | Build | Farm |
| 23:36 | Create | Villager (Male) |
| 24:19 | Create | Scout Cavalry |
| 24:20 | Create | Scout Cavalry |
| 24:38 | Create | Knight |
| 24:38 | Create | Knight |
| 24:42 | Create | Villager (Male) |
| 24:42 | Create | Villager (Male) |
| 24:43 | Create | Villager (Male) |
| 24:43 | Create | Villager (Male) |
| 24:44 | Create | Villager (Male) |
| 24:49 | Create | Villager (Male) |
| 24:49 | Create | Villager (Male) |
| 24:52 | Create | Knight |
| 24:52 | Create | Knight |
| 25:14 | Build | House |
| 25:20 | Create | Villager (Male) |
| 25:21 | Create | Villager (Male) |
| 25:21 | Create | Villager (Male) |
| 26:05 | Create | Villager (Male) |
| 26:06 | Create | Villager (Male) |
| 26:08 | Research | Wheelbarrow |
| 26:12 | Build | Monastery |
| 26:53 | Create | Monk |
| 27:20 | Create | Villager (Male) |
| 27:20 | Create | Villager (Male) |
| 27:20 | Create | Villager (Male) |
| 27:25 | Build | House |
| 27:25 | Build | House |
Build order — Andres21
First 150 of 215 actions detected
| 0:01 | Create | Villager (Male) |
| 0:01 | Create | Villager (Male) |
| 0:02 | Build | House |
| 0:04 | Build | House |
| 0:14 | Create | Villager (Male) |
| 0:17 | Create | Villager (Male) |
| 0:17 | Create | Villager (Male) |
| 0:17 | Create | Villager (Male) |
| 1:35 | Create | Villager (Male) |
| 1:35 | Create | Villager (Male) |
| 1:35 | Create | Villager (Male) |
| 2:00 | Build | Mule Cart |
| 2:11 | Create | Villager (Male) |
| 2:12 | Create | Villager (Male) |
| 2:47 | Create | Villager (Male) |
| 2:48 | Create | Villager (Male) |
| 3:08 | Create | Villager (Male) |
| 3:09 | Create | Villager (Male) |
| 3:41 | Create | Villager (Male) |
| 3:41 | Create | Villager (Male) |
| 4:04 | Build | House |
| 4:20 | Create | Villager (Male) |
| 4:20 | Create | Villager (Male) |
| 4:20 | Create | Villager (Male) |
| 4:20 | Create | Villager (Male) |
| 4:47 | Build | Mule Cart |
| 4:55 | Create | Villager (Male) |
| 4:55 | Create | Villager (Male) |
| 4:56 | Create | Villager (Male) |
| 5:11 | Create | Villager (Male) |
| 5:11 | Create | Villager (Male) |
| 5:28 | Build | Mill |
| 6:09 | Create | Villager (Male) |
| 6:09 | Create | Villager (Male) |
| 6:09 | Create | Villager (Male) |
| 6:09 | Create | Villager (Male) |
| 6:20 | Create | Villager (Male) |
| 6:20 | Create | Villager (Male) |
| 6:22 | Create | Villager (Male) |
| 6:22 | Create | Villager (Male) |
| 6:22 | Create | Villager (Male) |
| 6:23 | Create | Villager (Male) |
| 6:23 | Create | Villager (Male) |
| 6:51 | Research | Loom |
| 7:48 | Build | House |
| 8:04 | Research | Feudal Age |
| 8:39 | Create | Villager (Male) |
| 8:44 | Build | Barracks |
| 8:46 | Create | Villager (Male) |
| 9:01 | Create | Villager (Male) |
| 9:40 | Create | Militia |
| 9:42 | Build | House |
| 9:44 | Create | Militia |
| 9:47 | Create | Militia |
| 10:11 | Create | Villager (Male) |
| 10:14 | Age | Feudal Age |
| 10:23 | Build | House |
| 10:33 | Research | Double-Bit Axe |
| 11:00 | Build | House |
| 11:18 | Research | Man-at-Arms (upgrade) |
| 11:28 | Create | Militia |
| 11:47 | Create | Villager (Male) |
| 11:50 | Build | House |
| 11:56 | Build | Blacksmith |
| 12:02 | Build | Market |
| 12:21 | Create | Villager (Male) |
| 12:51 | Build | Archery Range |
| 13:05 | Create | Spearman |
| 13:10 | Build | Farm |
| 13:38 | Create | Villager (Male) |
| 13:57 | Create | Villager (Male) |
| 14:29 | Build | House |
| 14:34 | Build | Farm |
| 14:35 | Build | Farm |
| 14:35 | Build | Farm |
| 14:35 | Build | Farm |
| 14:36 | Build | Farm |
| 15:04 | Create | Villager (Male) |
| 15:12 | Build | Farm |
| 15:14 | Create | Skirmisher |
| 15:18 | Create | Spearman |
| 15:36 | Create | Skirmisher |
| 15:44 | Build | Farm |
| 15:51 | Build | Stable |
| 15:57 | Create | Villager (Male) |
| 16:09 | Create | Spearman |
| 16:19 | Create | Spearman |
| 16:29 | Create | Skirmisher |
| 16:39 | Create | Villager (Male) |
| 16:42 | Create | Archer |
| 16:49 | Create | Spearman |
| 17:21 | Create | Villager (Male) |
| 17:29 | Build | Farm |
| 17:33 | Build | Farm |
| 17:38 | Create | Villager (Male) |
| 17:51 | Create | Archer |
| 18:01 | Build | Farm |
| 18:05 | Create | Villager (Male) |
| 18:19 | Build | Archery Range |
| 18:26 | Create | Villager (Male) |
| 18:35 | Research | Padded Archer Armor |
| 18:46 | Create | Skirmisher |
| 18:50 | Create | Villager (Male) |
| 18:55 | Build | Farm |
| 19:02 | Build | House |
| 19:03 | Build | House |
| 19:11 | Create | Archer |
| 19:14 | Create | Villager (Male) |
| 19:20 | Create | Villager (Male) |
| 19:26 | Create | Archer |
| 19:28 | Build | House |
| 19:30 | Build | House |
| 19:35 | Create | Scout Cavalry |
| 20:02 | Research | Fletching |
| 20:19 | Create | Villager (Male) |
| 20:22 | Build | House |
| 20:23 | Build | House |
| 20:26 | Create | Villager (Male) |
| 21:27 | Research | Castle Age |
| 21:52 | Create | Spearman |
| 22:08 | Build | Farm |
| 22:12 | Create | Archer |
| 22:26 | Create | Scout Cavalry |
| 22:39 | Create | Archer |
| 22:55 | Create | Skirmisher |
| 23:00 | Build | Archery Range |
| 23:10 | Build | Archery Range |
| 23:19 | Build | Farm |
| 23:27 | Build | Farm |
| 23:43 | Create | Villager (Male) |
| 24:00 | Build | Farm |
| 24:02 | Create | Villager (Male) |
| 24:04 | Build | Farm |
| 24:07 | Age | Castle Age |
| 24:21 | Research | Elite Skirmisher (upgrade) |
| 24:30 | Build | Farm |
| 24:30 | Build | Farm |
| 24:31 | Create | Villager (Male) |
| 24:39 | Create | Villager (Male) |
| 24:46 | Create | Skirmisher |
| 24:55 | Research | Crossbowman (upgrade) |
| 25:04 | Build | Mule Cart |
| 25:07 | Create | Villager (Male) |
| 25:18 | Create | Archer |
| 25:29 | Create | Skirmisher |
| 25:31 | Create | Skirmisher |
| 25:35 | Create | Skirmisher |
| 25:37 | Create | Villager (Male) |
| 25:42 | Create | Villager (Male) |
| 25:54 | Create | Knight |
Build order — DERSU UZALA
First 150 of 290 actions detected
| 0:02 | Build | House |
| 0:05 | Build | House |
| 0:16 | Create | Villager (Male) |
| 0:20 | Create | Villager (Male) |
| 0:21 | Research | Loom |
| 0:23 | Create | Villager (Male) |
| 0:35 | Create | Villager (Male) |
| 0:35 | Create | Villager (Male) |
| 1:46 | Create | Villager (Male) |
| 2:08 | Build | Lumber Camp |
| 2:12 | Create | Villager (Male) |
| 2:19 | Create | Villager (Male) |
| 2:54 | Create | Villager (Male) |
| 3:30 | Build | House |
| 3:31 | Build | House |
| 3:32 | Build | House |
| 3:38 | Create | Villager (Male) |
| 3:47 | Build | House |
| 4:19 | Create | Villager (Male) |
| 4:20 | Create | Villager (Male) |
| 4:49 | Build | Mill |
| 5:01 | Create | Villager (Male) |
| 5:35 | Create | Villager (Male) |
| 5:41 | Create | Villager (Male) |
| 5:41 | Create | Villager (Male) |
| 6:14 | Create | Villager (Male) |
| 6:29 | Build | Farm |
| 6:30 | Build | Farm |
| 6:37 | Create | Villager (Male) |
| 6:58 | Create | Villager (Male) |
| 7:13 | Create | Villager (Male) |
| 7:52 | Create | Villager (Male) |
| 8:02 | Build | House |
| 8:03 | Build | House |
| 8:06 | Build | Barracks |
| 8:43 | Create | Villager (Male) |
| 9:13 | Create | Villager (Male) |
| 9:14 | Create | Villager (Male) |
| 9:25 | Build | Mining Camp |
| 9:57 | Research | Feudal Age |
| 10:31 | Build | Farm |
| 10:33 | Create | Villager (Male) |
| 10:40 | Build | House |
| 10:50 | Create | Villager (Male) |
| 11:02 | Create | Villager (Male) |
| 11:12 | Build | House |
| 11:21 | Build | House |
| 11:30 | Build | House |
| 11:32 | Create | Villager (Male) |
| 11:47 | Build | House |
| 11:50 | Build | House |
| 11:57 | Build | House |
| 12:02 | Build | House |
| 12:05 | Build | House |
| 12:08 | Create | Villager (Male) |
| 12:10 | Build | Farm |
| 12:13 | Build | Farm |
| 12:21 | Age | Feudal Age |
| 12:40 | Build | Archery Range |
| 12:42 | Create | Villager (Male) |
| 13:09 | Research | Double-Bit Axe |
| 13:17 | Create | Archer |
| 13:34 | Create | Archer |
| 13:37 | Create | Villager (Male) |
| 13:53 | Build | Farm |
| 14:14 | Create | Archer |
| 14:14 | Create | Archer |
| 14:45 | Build | Lumber Camp |
| 15:01 | Create | Villager (Male) |
| 15:03 | Create | Archer |
| 15:09 | Create | Villager (Male) |
| 15:16 | Build | House |
| 16:00 | Research | Horse Collar |
| 16:04 | Create | Villager (Male) |
| 16:14 | Build | Archery Range |
| 16:16 | Create | Villager (Male) |
| 16:22 | Build | House |
| 16:24 | Build | House |
| 16:26 | Build | House |
| 16:37 | Build | House |
| 16:38 | Build | House |
| 16:39 | Build | House |
| 16:41 | Build | House |
| 16:42 | Build | House |
| 16:49 | Build | Farm |
| 16:51 | Create | Villager (Male) |
| 16:58 | Build | House |
| 17:04 | Build | Farm |
| 17:17 | Build | Mining Camp |
| 17:29 | Create | Villager (Male) |
| 17:34 | Build | Farm |
| 17:39 | Build | House |
| 17:41 | Build | House |
| 17:42 | Build | House |
| 17:48 | Build | Palisade Wall |
| 17:49 | Build | Palisade Wall |
| 17:53 | Create | Villager (Male) |
| 17:58 | Create | Villager (Male) |
| 18:03 | Build | Farm |
| 18:04 | Create | Villager (Male) |
| 18:19 | Build | Blacksmith |
| 18:41 | Create | Villager (Male) |
| 18:47 | Build | House |
| 18:49 | Build | House |
| 18:51 | Build | House |
| 19:03 | Build | Archery Range |
| 19:13 | Research | Castle Age |
| 19:15 | Research | Fletching |
| 19:18 | Create | Villager (Male) |
| 19:22 | Build | Farm |
| 19:30 | Build | Farm |
| 19:35 | Create | Archer |
| 19:35 | Create | Archer |
| 19:35 | Create | Archer |
| 19:36 | Create | Archer |
| 20:22 | Build | Palisade Wall |
| 20:23 | Build | Palisade Wall |
| 21:53 | Age | Castle Age |
| 21:55 | Build | Town Center |
| 22:00 | Research | Bow Saw |
| 22:04 | Build | Palisade Wall |
| 22:07 | Build | Palisade Wall |
| 22:09 | Build | Palisade Wall |
| 22:11 | Build | Palisade Wall |
| 22:16 | Research | Heavy Plow |
| 22:23 | Research | Stone Mining |
| 22:24 | Research | Gold Mining |
| 22:25 | Create | Villager (Male) |
| 22:26 | Create | Villager (Male) |
| 22:39 | Create | Villager (Male) |
| 22:39 | Create | Villager (Male) |
| 22:45 | Create | Villager (Male) |
| 22:53 | Build | Lumber Camp |
| 23:00 | Research | Elite Skirmisher (upgrade) |
| 23:13 | Build | Farm |
| 23:14 | Build | Farm |
| 23:14 | Build | Farm |
| 23:16 | Build | Farm |
| 23:21 | Create | Villager (Male) |
| 23:24 | Create | Villager (Male) |
| 23:32 | Build | Monastery |
| 24:01 | Create | Villager (Male) |
| 24:06 | Build | Town Center |
| 24:23 | Create | Villager (Male) |
| 24:24 | Create | Villager (Male) |
| 24:28 | Create | Monk |
| 24:53 | Create | Villager (Male) |
| 25:01 | Build | Farm |
| 25:01 | Build | Farm |
| 25:02 | Build | Farm |
Build order — PinBuckle914816
130 actions detected in the replay
| 0:01 | Create | Villager (Male) |
| 0:01 | Create | Villager (Male) |
| 0:01 | Create | Villager (Male) |
| 0:02 | Create | Villager (Male) |
| 1:37 | Create | Villager (Male) |
| 2:06 | Create | Villager (Male) |
| 2:09 | Research | Loom |
| 2:19 | Create | Villager (Male) |
| 2:56 | Create | Villager (Male) |
| 3:02 | Create | Villager (Male) |
| 3:39 | Build | Lumber Camp |
| 3:44 | Create | Villager (Male) |
| 4:18 | Create | Villager (Male) |
| 4:19 | Create | Villager (Male) |
| 5:24 | Create | Villager (Male) |
| 7:48 | Build | Mill |
| 7:48 | Create | Villager (Male) |
| 7:49 | Create | Villager (Male) |
| 8:41 | Build | Mill |
| 8:44 | Build | Farm |
| 8:45 | Research | Feudal Age |
| 8:49 | Build | Farm |
| 8:53 | Build | Farm |
| 9:14 | Build | Barracks |
| 10:16 | Create | Militia |
| 10:17 | Create | Militia |
| 10:38 | Create | Militia |
| 10:44 | Create | Militia |
| 10:47 | Create | Villager (Male) |
| 10:48 | Create | Villager (Male) |
| 10:48 | Create | Villager (Male) |
| 11:03 | Build | Blacksmith |
| 11:06 | Research | Double-Bit Axe |
| 11:08 | Research | Horse Collar |
| 11:33 | Build | Mining Camp |
| 11:34 | Create | Villager (Male) |
| 12:16 | Create | Spearman |
| 12:16 | Create | Spearman |
| 12:36 | Create | Villager (Male) |
| 12:36 | Create | Villager (Male) |
| 12:42 | Build | Market |
| 12:50 | Create | Spearman |
| 12:51 | Create | Spearman |
| 13:52 | Build | Mining Camp |
| 14:06 | Create | Villager (Male) |
| 14:06 | Create | Villager (Male) |
| 14:06 | Create | Villager (Male) |
| 14:40 | Build | Stone Wall |
| 15:17 | Build | Stable |
| 15:18 | Build | Stable |
| 15:30 | Create | Villager (Male) |
| 15:30 | Create | Villager (Male) |
| 15:30 | Create | Villager (Male) |
| 15:52 | Build | Stone Wall |
| 15:58 | Build | Gate |
| 16:15 | Build | Farm |
| 16:24 | Build | Farm |
| 16:38 | Research | Gold Mining |
| 16:38 | Research | Stone Mining |
| 16:44 | Create | Villager (Male) |
| 16:45 | Create | Villager (Male) |
| 17:44 | Build | Archery Range |
| 17:59 | Create | Villager (Male) |
| 18:00 | Create | Villager (Male) |
| 18:00 | Create | Villager (Male) |
| 18:05 | Research | Wheelbarrow |
| 18:34 | Create | Scout Cavalry |
| 18:45 | Build | Stone Wall |
| 18:56 | Research | Town Watch |
| 20:28 | Build | Stable |
| 20:37 | Build | Farm |
| 20:38 | Build | Farm |
| 21:27 | Create | Spearman |
| 21:27 | Create | Spearman |
| 21:34 | Build | Barracks |
| 21:56 | Build | Farm |
| 21:57 | Build | Farm |
| 22:00 | Build | Farm |
| 23:17 | Create | Spearman |
| 23:17 | Create | Spearman |
| 23:18 | Create | Spearman |
| 24:51 | Research | Castle Age |
| 26:00 | Create | Spearman |
| 26:00 | Create | Spearman |
| 26:00 | Create | Spearman |
| 26:01 | Create | Spearman |
| 26:02 | Create | Spearman |
| 26:43 | Create | Spearman |
| 26:44 | Create | Spearman |
| 26:45 | Create | Spearman |
| 26:46 | Create | Spearman |
| 27:37 | Build | Castle |
| 28:25 | Research | Pikeman (upgrade) |
| 28:39 | Create | Villager (Male) |
| 29:22 | Research | Squires |
| 30:09 | Create | Villager (Male) |
| 30:10 | Create | Villager (Male) |
| 30:10 | Create | Villager (Male) |
| 30:22 | Build | Lumber Camp |
| 30:31 | Create | Villager (Male) |
| 30:31 | Create | Villager (Male) |
| 31:25 | Build | Stone Wall |
| 31:39 | Build | Gate |
| 31:46 | Build | Stone Wall |
| 31:56 | Build | Stone Wall |
| 32:01 | Build | Gate |
| 32:07 | Create | Villager (Male) |
| 32:21 | Build | Lumber Camp |
| 32:38 | Build | Monastery |
| 32:55 | Create | Villager (Male) |
| 32:56 | Create | Villager (Male) |
| 32:56 | Create | Villager (Male) |
| 32:56 | Create | Villager (Male) |
| 32:57 | Create | Villager (Male) |
| 33:21 | Build | Stone Wall |
| 33:35 | Create | Spearman |
| 33:35 | Create | Spearman |
| 33:35 | Create | Spearman |
| 33:36 | Create | Spearman |
| 33:36 | Create | Spearman |
| 33:36 | Create | Spearman |
| 33:36 | Create | Spearman |
| 33:37 | Create | Spearman |
| 35:09 | Create | Spearman |
| 35:10 | Create | Spearman |
| 35:10 | Create | Spearman |
| 35:11 | Create | Spearman |
| 35:12 | Create | Spearman |
| 35:16 | Research | Scale Mail Armor |
| 35:27 | Build | Farm |
Match timeline
| 8:06 | DERSU UZALA · first_building Barracks |
| 8:21 | kyuzo · first_building Barracks |
| 8:26 | kyuzo · wall_segment Palisade Wall x6 |
| 8:44 | Andres21 · first_building Barracks |
| 9:14 | PinBuckle914816 · first_building Barracks |
| 9:45 | kyuzo · age_up feudal |
| 9:51 | kyuzo · first_building Stable |
| 10:14 | Andres21 · age_up feudal |
| 12:21 | DERSU UZALA · age_up feudal |
| 12:40 | DERSU UZALA · first_building Archery Range |
| 12:51 | Andres21 · first_building Archery Range |
| 14:40 | PinBuckle914816 · wall_segment Stone Wall x4 |
| 15:17 | PinBuckle914816 · first_building Stable |
| 15:41 | kyuzo · wall_segment Palisade Wall x10 |
| 15:51 | Andres21 · first_building Stable |
| 15:52 | PinBuckle914816 · wall_segment Stone Wall x5 |
| 17:44 | PinBuckle914816 · first_building Archery Range |
| 17:48 | DERSU UZALA · wall_segment Palisade Wall x1 |
| 17:49 | DERSU UZALA · wall_segment Palisade Wall x1 |
| 18:13 | Andres21 · first_market_buy 100 food |
| 18:45 | PinBuckle914816 · wall_segment Stone Wall x1 |
| 18:52 | kyuzo · wall_segment Palisade Wall x18 |
| 19:37 | kyuzo · age_up castle |
| 20:22 | DERSU UZALA · wall_segment Palisade Wall x1 |
| 20:23 | DERSU UZALA · wall_segment Palisade Wall x1 |
| 20:59 | Andres21 · first_market_sell 100 wood |
| 21:53 | DERSU UZALA · age_up castle |
| 22:04 | DERSU UZALA · wall_segment Palisade Wall x1 |
| 22:07 | DERSU UZALA · wall_segment Palisade Wall x2 |
| 22:09 | DERSU UZALA · wall_segment Palisade Wall x2 |
| 22:11 | DERSU UZALA · wall_segment Palisade Wall x1 |
| 23:32 | DERSU UZALA · first_building Monastery |
| 24:07 | Andres21 · age_up castle |
| 24:46 | PinBuckle914816 · first_market_buy 100 food |
| 26:06 | Andres21 · first_building Monastery |
| 26:12 | kyuzo · first_building Monastery |
| 26:37 | DERSU UZALA · first_building Castle |
| 27:37 | PinBuckle914816 · first_building Castle |
| 31:12 | Andres21 · first_building Siege Workshop |
| 31:25 | PinBuckle914816 · wall_segment Stone Wall x8 |
| 31:46 | PinBuckle914816 · wall_segment Stone Wall x1 |
| 31:56 | PinBuckle914816 · wall_segment Stone Wall x19 |
| 32:38 | PinBuckle914816 · first_building Monastery |
| 33:21 | PinBuckle914816 · wall_segment Stone Wall x14 |
| 35:16 | Andres21 · resign |
[ AI ANALYSIS · 1 CREDIT ]
What really happened in this match?
Wolo.gg analyzes every decision: build order, eco, micro, common mistakes by bracket. Personalized analysis on WhatsApp or Discord in 30 seconds.
Civ guide
Franks
Perfil
Jugador #809303